 Dungeon Crawl Stone Soup version 0.30-a0-354-g6b83867211 (webtiles) character file.

Game seed: 13025394209181864111

3649 koil the Covert (level 9, -7/45 HPs)
             Began as a Spriggan Enchanter on Nov 8, 2022.
             Was an Initiate of Gozag.
             Mangled by a death yak (28 damage)
             ... on level 8 of the Dungeon.
             The game lasted 00:41:06 (9380 turns).

koil the Covert (Spriggan Enchanter)                Turns: 9380, Time: 00:41:06

Health: -7/45      AC:  3    Str:  4    XL:     9   Next: 88%
Magic:  6/20       EV: 20    Int: 21    God:    Gozag
Gold:   709        SH:  5    Dex: 15    Spells: 13/21 levels left

rFire   . . .      SeeInvis +    b - +1 dagger
rCold   . . .      Faith    .    (no shield)
rNeg    . . .      Spirit   .    q - +0 robe
rPois   +          Reflect  +    (helmet restricted)
rElec   .          Harm     .    m - +0 cloak
rCorr   .          Rampage  .    (gloves unavailable)
Will    +....                    (boots unavailable)
Stlth   ++++......               h - amulet of reflection
HPRegen 0.27/turn                i - ring of poison resistance
MPRegen 0.17/turn                (no ring)

@: confusing by touch, very quick
A: very small, no large weapons, unfitting armour, see invisible, speed 3
a: Renounce Religion, Potion Petition, Call Merchant, Bribe Branch


You were on level 8 of the Dungeon.
You worshipped Gozag.
Gozag was pleased with you.
You visited 2 branches of the dungeon, and saw 9 of its levels.

You collected 748 gold pieces.
You paid 39 gold pieces to Gozag.

Inventory:

Hand Weapons
 a - the +10 hand axe of Dyurch {pain, rPois Int+3}
   (You found it on level 2 of the Dungeon)

   In the hands of one skilled in necromantic magic, it inflicts extra damage on
   living creatures.
   Int:       It affects your intelligence (+3).
   rPois:     It protects you from poison.
 b - a +1 dagger (weapon)
 t - a +0 arbalest
 w - a +4 war axe
 K - a +3 dagger
Missiles
 x - 2 poisoned darts
 F - 2 throwing nets {!f}
Armour
 m - a +0 cloak (worn)
 q - a +0 robe (worn)
 C - a +0 cloak
 J - a scarf of invisibility
Magical Staves
 u - a staff of cold
Jewellery
 h - an amulet of reflection (around neck)
 i - a ring of poison resistance (left hand)
 l - a ring of ice
 o - a ring of fire
 O - a ring of resist corrosion
Wands
 e - a wand of mindburst (7)
 y - a wand of paralysis (11)
 H - a wand of polymorph (6)
 P - a wand of iceblast (7)
Scrolls
 f - 4 scrolls of vulnerability
 r - a scroll of immolation {unknown}
 v - 2 scrolls of amnesia
 E - 2 scrolls of enchant weapon {unknown}
 G - a scroll of noise {unknown}
 I - a scroll of acquirement {unknown}
 M - a scroll of identify
 N - a scroll of teleportation {unknown}
Potions
 c - 2 potions of invisibility
 d - 2 potions of brilliance
 g - 3 potions of lignification
 j - 4 potions of heal wounds {unknown}
 k - a potion of attraction
 n - 2 potions of resistance
 p - a potion of curing
 s - 2 potions of might {unknown}
 z - 3 potions of degeneration {unknown}
 A - a potion of flight
 B - 2 potions of mutation {unknown}
 L - a potion of haste {unknown}


   Skills:
 + Level 4.0 Fighting
 - Level 1.4 Short Blades
 + Level 4.0 Axes
 + Level 7.2 Dodging
 - Level 8.0 Stealth
 + Level 6.7 Spellcasting
 + Level 3.6 Conjurations
 - Level 7.0 Hexes
 + Level 4.3 Necromancy
 - Level 1.0 Transmutations


You had 13 spell levels left.
You knew the following spells:

 Your Spells              Type           Power      Damage    Failure   Level
a - Ensorcelled Hibernat  Hex/Ice        42%        N/A       3%          2
b - Confusing Touch       Hex            36%        N/A       1%          3
d - Tukima's Dance        Hex            36%        N/A       1%          3

Your spell library contained the following spells:

 Spells                   Type           Power      Damage    Failure   Level
 Necrotise                Necr           100%       1d9       1%          1
 Dazzling Flash           Conj/Hex       58%        N/A       3%          3
 Cigotuvi's Dreadful Rot  Necr/Pois/Air  26%        N/A       8%          2
 Apportation              Tloc           14%        N/A       9%          1
 Summon Small Mammal      Summ           28%        N/A       9%          1
 Stone Arrow              Conj/Erth      28%        3d8       13%         3
 Dispel Undead            Necr           25%        3d12      16%         4
 Gell's Gravitas          Tloc           7%         N/A       26%         3
 Lesser Beckoning         Tloc           14%        N/A       26%         3
 Teleport Other           Tloc           7%         N/A       26%         3
 Animate Armour           Summ/Erth      14%        N/A       65%         4
 Death Channel            Necr           12%        N/A       93%         6
 Lehudib's Crystal Spear  Conj/Erth      7%         10d3      100%        8


Dungeon Overview and Level Annotations

Branches:
Dungeon (8/15)             Temple (1/1) D:4            Lair (0/5) D:8

Altars:
Cheibriados
Dithmenos
Elyvilon
Fedhas
Gozag
Hepliaklqana
Kikubaaqudgha
Makhleb
Nemelex Xobeh
Ru
Sif Muna
Trog
Uskayaw
Vehumet
Wu Jian
Xom
Yredelemnul
Zin
The Shining One

Shops:
D:2 !   D:4 ?


Innate Abilities, Weirdness & Mutations

You are very small and have problems with some larger weapons.
You are too small for most types of armour.
You have supernaturally acute eyesight. (SInv)
You cover ground extremely quickly. (Speed+++)


Message History

Aiming: Ensorcelled Hibernation (safe; 3% risk of failure)
Press: ? - help, Shift-Dir - straight line, f/p - death yak
Aim: a death yak (chance to affect: 3%)
The death yak resists with almost no effort.
The death yak misses you.
The death yak snorts and paws the ground.
Casting: Ensorcelled Hibernation (safe; 3% risk of failure)
Confirm with . or Enter, or press ? or * to list all spells.
Aiming: Ensorcelled Hibernation (safe; 3% risk of failure)
Press: ? - help, Shift-Dir - straight line, f/p - death yak
Aim: a death yak (chance to affect: 3%)
The death yak resists with almost no effort.
Casting: Ensorcelled Hibernation (safe; 3% risk of failure)
Confirm with . or Enter, or press ? or * to list all spells.
Aiming: Ensorcelled Hibernation (safe; 3% risk of failure)
Press: ? - help, Shift-Dir - straight line, f/p - death yak
Aim: a death yak (chance to affect: 3%)
The death yak resists with almost no effort.
A shadow imp comes into view.
Unknown command.
Casting: Ensorcelled Hibernation (safe; 3% risk of failure)
Confirm with . or Enter, or press ? or * to list all spells.
Your hands begin to glow red.
The death yak closely misses you.
You hit the death yak but do no damage. The death yak gores you!!
You hit the death yak but do no damage. The death yak closely misses you.
You hit the death yak but do no damage. The death yak gores you!
You hit the death yak but do no damage.
The death yak snorts and paws the ground.
The death yak barely misses you.
You barely miss the death yak. You hit the death yak but do no damage.
The death yak misses you.
You barely miss the death yak. You block the death yak's attack.
You hit the death yak but do no damage. You block the death yak's attack.
You hit the death yak but do no damage. The death yak barely misses you.
You hit the death yak but do no damage. The death yak misses you.
You hit the death yak but do no damage. The death yak gores you!!
Ouch! That really hurt!
You die...
Your body crumbles into a pile of gold.

#####.##.##..........##.####..
..##...#.##..###5.....>.....>####
.....⌠...##..# #.............#...
..~.....###..# #..............#.
~~~~~~..##...# #................
.~~≈~...#..#.# #...........# #..
.~~~~.....##.# ##..#........# #.
.~~≈~~..####.###.Y..........####.
..~~~...# #.#..@#.##....#...##..
.....##.# #.#.###.###....#......
###.. ..# #...# #.# ##..........
### ### #<.## ... ##.........
#..# ... #.......## #### .....
#.......# ..... #####..## #.....
#......


You could see a death yak.

Vanquished Creatures
  The ghost of blackman the Slasher, an amateur HuDe (D:3)
  Sigmund (D:2)
  Menkaure (D:6)
  2 dancing weapons (D:3)
  A water moccasin (D:7)
  2 orc warriors
  2 black bears (D:4)
  3 ogres
  2 centaurs
  2 phantoms
  3 bullfrogs
  6 scorpions
  9 wights
  12 killer bees
  A howler monkey (D:6)
  2 hounds (D:6)
  An orc priest (D:4)
  2 jellies
  Crazy Yiuf (D:4)
  2 iguanas
  3 orc wizards
  A scorpion zombie (D:3)
  8 gnolls
  4 adders
  A shadow imp (D:6)
  2 white imps (D:6)
  3 ufetubi
  5 worms
  2 dart slugs
  13 orcs
  8 ball pythons
  4 endoplasms
  2 giant cockroaches
  2 hobgoblins
  4 jackals (D:3)
  A quokka (D:1)
  A bat (D:2)
  5 frilled lizards
  A giant cockroach zombie (D:3)
  11 goblins
  5 kobolds
  12 rats
154 creatures vanquished.

Notes
Turn   | Place    | Note
-------+----------+-------------------------------------------
     0 | D:1      | koil the Spriggan Enchanter began the quest for the Orb.
     0 | D:1      | Reached XP level 1. HP: 9/9 MP: 5/5
    97 | D:1      | Found a faded altar of an unknown god.
   165 | D:1      | Reached XP level 2. HP: 6/13 MP: 6/6
   216 | D:1      | Learned a level 2 spell: Ensorcelled Hibernation
   503 | D:1      | Reached skill level 1 in Transmutations
   698 | D:2      | Reached XP level 3. HP: 17/17 MP: 8/8
   702 | D:2      | Learned a level 3 spell: Confusing Touch
   739 | D:2      | Identified the +10 hand axe of Dyurch {pain, rPois Int+3}
   747 | D:2      | Learned a level 2 spell: Cigotuvi's Dreadful Rot
  1159 | D:2      | Noticed an ogre
  1232 | D:2      | Killed an ogre
  1233 | D:2      | Reached skill level 1 in Fighting
  1233 | D:2      | Reached skill level 5 in Stealth
  1233 | D:2      | Reached skill level 1 in Necromancy
  1233 | D:2      | Reached XP level 4. HP: 22/22 MP: 1/10
  1233 | D:2      | Reached XP level 5. HP: 25/25 MP: 1/11
  1430 | D:2      | Noticed Sigmund
  1445 | D:2      | Killed Sigmund
  1446 | D:2      | Reached skill level 1 in Axes
  1446 | D:2      | Reached skill level 1 in Conjurations
  1446 | D:2      | Reached XP level 6. HP: 30/30 MP: 3/12
  1661 | D:2      | Found Ubleopua's Distillery.
  1840 | D:3      | Learned a level 3 spell: Tukima's Dance
  2475 | D:3      | Found a runed translucent gate.
  2475 | D:3      | Found a runed translucent gate.
  2475 | D:3      | Found a runed translucent gate.
  2475 | D:3      | Noticed blackman's ghost (amateur HuDe)
  2478 | D:3      | Found a basalt altar of Yredelemnul.
  2633 | D:3      | Killed blackman's ghost
  2634 | D:3      | Reached skill level 6 in Stealth
  2634 | D:3      | Reached XP level 7. HP: 19/34 MP: 12/14
  2736 | D:4      | Found a bloodstained altar of Trog.
  2752 | D:4      | Reached skill level 5 in Hexes
  2984 | D:4      | Found a staircase to the Ecumenical Temple.
  3423 | D:4      | Found Heumm's Magic Scroll Shop.
  3510 | D:4      | Found a runed translucent door.
  3511 | D:4      | Noticed Crazy Yiuf
  3730 | D:4      | Found a sparkling altar of Nemelex Xobeh.
  3905 | D:4      | Killed Crazy Yiuf
  3906 | D:4      | Reached XP level 8. HP: 39/39 MP: 9/16
  3982 | D:5      | Entered Level 5 of the Dungeon
  4177 | Temple   | Entered the Ecumenical Temple
  4353 | Temple   | Became a worshipper of Gozag Ym Sagoz the Greedy
  4472 | D:5      | Found a shimmering altar of Xom.
  4473 | D:5      | Found a shimmering altar of Xom.
  4474 | D:5      | Found a shimmering altar of Xom.
  4475 | D:5      | Found a shimmering altar of Xom.
  4475 | D:5      | Found a shimmering altar of Xom.
  4477 | D:5      | Found a shimmering altar of Xom.
  4501 | D:5      | Reached skill level 5 in Dodging
  4551 | D:5      | Reached skill level 7 in Stealth
  4663 | D:5      | Reached skill level 5 in Spellcasting
  4701 | D:5      | Found a hide-covered altar of Uskayaw.
  4701 | D:5      | Noticed a +0 dagger
  4701 | D:5      | Noticed a +0 short sword
  4702 | D:5      | Noticed a +0 falchion
  4702 | D:5      | Noticed a +0 short sword
  4702 | D:5      | Noticed a +0 falchion
  4703 | D:5      | Noticed a +0 dagger
  4704 | D:5      | Noticed a +0 spear
  4705 | D:5      | Noticed a +0 spear
  5658 | D:6      | HP: 7/39 [poisoned by a scorpion]
  5664 | D:6      | HP: 7/39 [poisoned by a scorpion]
  5669 | D:6      | HP: 4/39 [poisoned by a scorpion]
  6541 | D:6      | Noticed Menkaure
  6548 | D:6      | HP: 8/40 [??? (6)]
  6790 | D:6      | Reached XP level 9. HP: 44/44 MP: 14/18
  6799 | D:6      | Reached skill level 8 in Stealth
  8057 | D:6      | Killed Menkaure
  8131 | D:6      | HP: 8/44 [poisoned by a killer bee]
  8131 | D:6      | HP: 2/44 [killer bee (5)]
  8149 | D:6      | HP: 8/44 [killer bee (7)]
  8492 | D:7      | HP: 7/44 [phantom (6)]
  8746 | D:7      | Found a sacrificial altar of Ru.
  8746 | D:7      | Found a burning altar of Makhleb.
  9010 | D:8      | HP: 9/45 [poisoned by a killer bee]
  9166 | D:8      | Found an ancient bone altar of Kikubaaqudgha.
  9333 | D:8      | Found a staircase to the Lair.
  9335 | D:8      | Noticed a death yak
  9343 | D:8      | Noticed a death yak
  9380 | D:8      | Mangled by a death yak

Illustrated notes

Levels and vault maps discovered:
D:1:      minmay_arrival_stone_box, layout_basic, shapermc_ecumenical_altar_gd,
          kennysheep_boxes
D:2:      layout_basic, serial_shops, shop, minmay_misc_feat_more_columns,
          uniq_sigmund
D:3:      layout_basic, nicolae_yredelemnul_ghost_church
D:4:      layout_loops_corners, trog_ov_bears_minmay,
          nemelex_diamond_rough_becter, minmay_temple_entry_proselytizer,
          serial_shops, shop_statue, dk_noncrumbling_2, uniq_crazy_yiuf_cottage
D:5:      layout_layer_cave, xom_redecorated, nicolae_uskayaw_en_pointe
D:6:      hangedman_cross_stitches, layout_basic, nrook_pool_corridor,
          uniq_menkaure
D:7:      layout_cave_pools, gammafunk_temple_overflow_elements,
          minmay_misc_feat_plants
D:8:      layout_rooms, kiku_gazebo_pond_becter, dpeg_lair_monsters,
          minmay_diamond_spiral, uniq_maggie
Temple:   chequers_temple_sunken

Skill      XL: |  1  2  3  4  5  6  7  8  9 |
---------------+----------------------------+-----
Transmutations | 1 |  1.0
Dodging        | 3 4 5 7 |  7.2
Spellcasting   | 3 4 5 6 |  6.7
Hexes          | 4 5 6 7 |  7.0
Fighting       | 1 2 3 4 |  4.0
Stealth        | 5 6 7 8 |  8.0
Necromancy     | 1 2 3 4 |  4.3
Axes           | 1 2 3 4 |  4.0
Conjurations   | 1 2 3 |  3.6
Short Blades   | |  1.4

Action                   |  1- 3 |  4- 6 |  7- 9 || total
-------------------------+-------+-------+-------++-------
Melee: Dagger            |    79 |    25 |   222 ||   326
       Punch             |     1 |     4 |     7 ||    12
       Hand axe          |    26 |    63 |   111 ||   200
 Fire: Arbalest          |       |       |     1 ||     1
 Cast: Ensorcelled Hiber |     8 |     3 |    52 ||    63
       Confusing Touch   |     3 |     2 |    21 ||    26
       Tukima's Dance    |       |     4 |       ||     4
  Use: Scroll            |       |       |    10 ||    10
       Potion            |       |       |     6 ||     6
 Stab: Sleeping          |     6 |     7 |    28 ||    41
       Confused          |     3 |     1 |    12 ||    16
       Distracted        |       |     2 |     2 ||     4
Armor: Robe              |     7 |     7 |    26 ||    40
Dodge: Dodged            |    89 |    51 |   305 ||   445
Block: Other             |     8 |    14 |   110 ||   132
       Reflection        |       |       |     3 ||     3

Table legend: (Time is in decaauts)
 A = Elapsed time spent in this place.
 B = Non-inter-level travel time spent in this place.
 C = Inter-level travel time spent in this place.
 D = Time resting spent in this place.
 E = Time spent auto-exploring this place.
 F = Levels seen in this place.
 G = Mean time per level.
                   A        B        C        D        E       F      G
               +--------+--------+--------+--------+--------+-----+--------+
         Total |   6858 |   6663 |    195 |    783 |   4321 |   9 |  762.0 |
       Dungeon |   6638 |   6452 |    186 |    749 |   4198 |   8 |  829.8 |
        Temple |    220 |    211 |      9 |     34 |    123 |   1 |  220.0 |
               +--------+--------+--------+--------+--------+-----+--------+

Top non-repeatable levels by time:
     D:6: 1891 daAuts
     D:4: 939 daAuts
     D:5: 816 daAuts
     D:7: 789 daAuts
     D:2: 776 daAuts
     D:3: 739 daAuts
     D:1: 462 daAuts
     D:8: 223 daAuts
  Temple: 220 daAuts
